 Dungeon Crawl Stone Soup version 0.30-a0-141-g30f27751c5 (webtiles) character file.

Game seed: 8314917235718608773

838 qw the Chopper (level 7, -1/44 HPs)
             Began as a Gargoyle Fighter on Sept 25, 2022.
             Slain by an orc warrior
             ... wielding a +0 dire flail
              (14 damage)
             ... on level 5 of the Dungeon.
             The game lasted 00:01:59 (4645 turns).

qw the Chopper (Gargoyle Fighter)                   Turns: 4645, Time: 00:01:59

Health: -1/44      AC: 15    Str: 21    XL:     7   Next: 99%
Magic:  7/7        EV:  7    Int:  9    God:
Gold:   228        SH:  4    Dex:  9    Spells: 6/6 levels left

rFire   . . .      SeeInvis .    Y - +0 war axe
rCold   . . .      Faith    .    c - +0 buckler
rNeg    + . .      Spirit   .    j - +0 chain mail
rPois   inf        Reflect  .    h - +0 helmet
rElec   +          Harm     .    (no cloak)
rCorr   .          Rampage  .    (no gloves)
Will    .....                    (no boots)
Stlth   ..........               (no amulet)
HPRegen 0.14/turn                (no ring)
MPRegen 0.10/turn                (no ring)

@: no status effects
A: sickness immunity, AC +4, negative energy resistance 1, electricity
resistance, torment resistance 1, petrification resistance
a: no special abilities


You were on level 5 of the Dungeon.
You visited 1 branch of the dungeon, and saw 5 of its levels.
You also visited: Sewer.

You collected 228 gold pieces.


Innate Abilities, Weirdness & Mutations

You are immune to sickness and miasma.
Your stone body is resilient. (AC +4)
You are immune to poison.
You resist negative energy. (rN+)
You are resistant to electric shocks. (rElec)
You are resistant to unholy torment.
You are immune to petrification.


   Skills:
 + Level 4.9 Fighting
 - Level 7.2 Axes
 - Level 3.2 Armour
 - Level 1.5 Dodging
 - Level 3.2 Shields


You had 6 spell levels left.
You didn't know any spells.
Your spell library was empty.

Inventory:

Hand Weapons
 o - a +4 flail
 Y - a +0 war axe (weapon)
Armour
 c - a +0 buckler (worn)
 h - a +0 helmet (worn)
 j - a +0 chain mail (worn)
Scrolls
 b - a scroll of teleportation
 k - a scroll of identify
 m - a scroll of enchant armour {unknown}
Potions
 a - 2 potions of haste
 d - a potion of might
 e - a potion of heal wounds {unknown}
 f - a potion of curing
 g - a potion of brilliance {unknown}
 i - a potion of degeneration {unknown}
 l - 2 potions of lignification

Dungeon Overview and Level Annotations

Branches:
Dungeon (5/15)              Sewer (visited)
 Temple: D:4-7

Altars:
Cheibriados

Annotations:
D:5 1 runed translucent door, qw's ghost, novice GrFi


Message History

The gnoll hits you from afar with a +0 spear.
The iguana closely misses you.
An orc warrior comes into view. It is wielding a +0 dire flail.
You slash the gnoll!
You kill the gnoll!
You hit the iguana. The gnoll hits you but does no damage.
The iguana bites you.
You hit the iguana but do no damage.
The iguana is heavily wounded.
You slash the gnoll!
The gnoll hits you from afar with a +0 spear.
The gnoll hits you with a +0 flail!
The iguana bites you but does no damage.
You slash the gnoll!
You kill the gnoll!
You hit the iguana. The gnoll hits you but does no damage.
The iguana bites you.
An orc wizard comes into view. It is wielding a +0 dagger.
The orc wizard shouts!
You slash the iguana!
You kill the iguana!
The gnoll hits you from afar with a +0 spear.
The gnoll hits you but does no damage. The gnoll hits you with a +0 spear.
The orc warrior closely misses you.
You closely miss the orc warrior. You barely miss the gnoll.
An orc wizard comes into view.
It is wielding a +0 dagger and wearing a +1 robe of cold resistance.
The gnoll hits you but does no damage.
The orc warrior hits you but does no damage.
The orc wizard shouts!
You hit the orc warrior but do no damage.
You slash the gnoll!
You hear a shout!
An orc comes into view. It is wielding a +0 dagger.
You block the gnoll's attack.
The orc warrior hits you with a +0 dire flail.
You hit the gnoll.
You kill the gnoll!
You hit the orc warrior but do no damage.
The orc warrior hits you with a +0 dire flail!
You die...

... ... o. . .# ...
#######.##... #.
#............ #..
#....o)......
#...#...)@o......
#.....#...#............
#.....#...'............
#....<#...#....########
#.....#...##...#
+.....#...##...#
#.....#...##...#
#.....#........#
#.[...'........#


You could see an orc warrior and 2 orc wizards.

Vanquished Creatures
  Menkaure (D:4)
  A phantom (D:4)
  2 bullfrogs (Sewer)
  A scorpion (D:4)
  A gnoll bouda (D:4)
  An orc wizard (D:3)
  4 iguanas
  Robin (D:2)
  4 adders
  11 gnolls
  2 worms
  3 dart slugs
  8 orcs
  12 ball pythons
  4 bats
  8 endoplasms
  15 giant cockroaches
  17 goblins
  13 hobgoblins
  8 jackals (D:1)
  4 quokkas
  10 frilled lizards
  4 kobolds
  9 rats
144 creatures vanquished.

Notes
Turn   | Place    | Note
-------+----------+-------------------------------------------
     0 | D:1      | qw the Gargoyle Fighter began the quest for the Orb.
     0 | D:1      | Reached XP level 1. HP: 14/14 MP: 1/1
     0 | D:1      | 0 ||| qw: Version: 0.2-a-10-g399e6c4
     0 | D:1      | 0 ||| qw: Game counter: 298
     0 | D:1      | 0 ||| qw: Always use a shield: true
     0 | D:1      | 0 ||| qw: God list: Okawaru
     0 | D:1      | 0 ||| qw: Allow faded altars: false
     0 | D:1      | 0 ||| qw: Do Orc after D:15 true
     0 | D:1      | 0 ||| qw: Do second Lair branch before Depths: true
     0 | D:1      | 0 ||| qw: Lair rune preference: random
     0 | D:1      | 0 ||| qw: Plans: Normal, Zot:1-4, God:TSO, Crypt, Tomb,
                  | Pan, Slime:5, Hells, Abyss, Orb
     0 | D:1      | 0 ||| PLANNING D:1-11
    49 | D:1      | Reached skill level 2 in Axes
   168 | D:1      | Reached XP level 2. HP: 19/19 MP: 2/2
   265 | D:1      | 265 ||| Stepping ~*~*~tactically~*~*~ (stealth).
   267 | D:1      | 267 ||| Stepping ~*~*~tactically~*~*~ (stealth).
   271 | D:1      | 271 ||| Stepping ~*~*~tactically~*~*~ (stealth).
   315 | D:1      | 315 ||| Stepping ~*~*~tactically~*~*~ (stealth).
   370 | D:1      | 370 ||| Stepping ~*~*~tactically~*~*~ (stealth).
   375 | D:1      | Reached skill level 3 in Axes
   382 | D:1      | Reached XP level 3. HP: 19/23 MP: 3/3
   467 | D:1      | 467 ||| Stepping ~*~*~tactically~*~*~ (stealth).
   838 | D:1      | Found a faded altar of an unknown god.
   988 | D:1      | 988 ||| READING scroll labelled GUOCOUM NAOSI.
  1040 | D:2      | Noticed Robin
  1041 | D:2      | 1041 ||| Stepping ~*~*~tactically~*~*~ (stealth).
  1046 | D:2      | 1046 ||| Stepping ~*~*~tactically~*~*~ (stealth).
  1048 | D:2      | 1048 ||| Stepping ~*~*~tactically~*~*~ (stealth).
  1052 | D:2      | Killed Robin
  1053 | D:2      | Reached XP level 4. HP: 27/28 MP: 4/4
  1062 | D:2      | Reached skill level 4 in Axes
  1476 | D:2      | Found a snail-covered altar of Cheibriados.
  1666 | D:2      | 1666 ||| UPGRADING to +0 helmet.
  1671 | D:2      | 1671 ||| READING scroll labelled XELANOETEZ.
  1672 | D:2      | 1672 ||| READING 2 scrolls labelled GUMNIG QADAULE.
  1673 | D:2      | 1673 ||| DROPPING scroll of amnesia.
  1851 | D:3      | 1851 ||| Stepping ~*~*~tactically~*~*~ (hiding).
  1856 | D:3      | Reached XP level 5. HP: 32/32 MP: 5/5
  1865 | D:3      | 1865 ||| Stepping ~*~*~tactically~*~*~ (stealth).
  1892 | D:3      | 1892 ||| Stepping ~*~*~tactically~*~*~ (stealth).
  1894 | D:3      | 1894 ||| Stepping ~*~*~tactically~*~*~ (hiding).
  1896 | D:3      | 1896 ||| Stepping ~*~*~tactically~*~*~ (hiding).
  2237 | D:3      | Reached skill level 5 in Axes
  2608 | D:3      | 2608 ||| DROPPING +0 mace.
  2622 | D:3      | 2622 ||| Stepping ~*~*~tactically~*~*~ (stealth).
  2636 | D:3      | 2636 ||| UPGRADING to +0 chain mail.
  2646 | D:3      | 2646 ||| DROPPING +0 scale mail.
  2647 | D:3      | 2647 ||| READING 2 scrolls labelled FAOWUA ZOFUSTRI.
  2648 | D:3      | 2648 ||| READING scroll labelled DAPSEM GEMPYONN.
  2681 | D:4      | 2681 ||| PLANNING SEWER
  2707 | D:4      | 2707 ||| Stepping ~*~*~tactically~*~*~ (stealth).
  2855 | D:4      | Found a glowing drain.
  2856 | D:4      | 2856 ||| READING scroll labelled XOED JISUOCACINAMN.
  2857 | D:4      | 2857 ||| READING 2 scrolls of identify.
  2857 | D:4      | 2857 ||| IDENTIFYING murky black potion
  2861 | D:4      | 2861 ||| FLEEEEING.
  2862 | D:4      | 2862 ||| FLEEEEING.
  2863 | D:4      | 2863 ||| FLEEEEING.
  2878 | D:4      | 2878 ||| FLEEEEING.
  2879 | D:4      | 2879 ||| FLEEEEING.
  2892 | D:4      | 2892 ||| FLEEEEING.
  2893 | D:4      | 2893 ||| FLEEEEING.
  2894 | D:4      | 2894 ||| FLEEEEING.
  2898 | D:4      | 2898 ||| STAIRDANCE
  2902 | D:4      | 2902 ||| STAIRDANCE
  2906 | D:4      | 2906 ||| STAIRDANCE
  2910 | D:4      | 2910 ||| STAIRDANCE
  2937 | D:4      | 2937 ||| STAIRDANCE
  3005 | Sewer    | Entered a sewer
  3010 | Sewer    | Reached XP level 6. HP: 38/38 MP: 6/6
  3224 | Sewer    | 3224 ||| Stepping ~*~*~tactically~*~*~ (water).
  3354 | Sewer    | Reached skill level 6 in Axes
  3646 | Sewer    | 3646 ||| DRINKING 2 murky brown potions.
  3684 | D:4      | 3684 ||| PLANNING D:1-11
  3749 | D:4      | Reached skill level 1 in Dodging
  3749 | D:4      | Reached XP level 7. HP: 33/43 MP: 7/7
  3875 | D:4      | 3875 ||| Stepping ~*~*~tactically~*~*~ (stealth).
  3879 | D:4      | 3879 ||| Stepping ~*~*~tactically~*~*~ (stealth).
  3885 | D:4      | 3885 ||| Stepping ~*~*~tactically~*~*~ (stealth).
  3985 | D:4      | 3985 ||| Stepping ~*~*~tactically~*~*~ (stealth).
  3987 | D:4      | 3987 ||| Stepping ~*~*~tactically~*~*~ (stealth).
  4193 | D:4      | 4193 ||| DROPPING +0 flail.
  4268 | D:4      | Noticed Menkaure
  4274 | D:4      | Killed Menkaure
  4275 | D:4      | Reached skill level 7 in Axes
  4480 | D:4      | 4480 ||| READING scroll labelled DAQOLEH FAIKEA.
  4481 | D:4      | 4481 ||| READING scroll labelled YRYL WEATRIGRI.
  4482 | D:4      | 4482 ||| DRINKING 2 fizzy dark potions.
  4514 | D:5      | Entered Level 5 of the Dungeon
  4514 | D:5      | Found a runed translucent door.
  4545 | D:5      | Noticed qw's ghost (novice GrFi)
  4645 | D:5      | Slain by an orc warrior

Levels and vault maps discovered:
D:1:      dpeg_arrival_more_subterranean_lakeside_camping, layout_loops_ring,
          shapermc_ecumenical_altar_mp_highgroup, minmay_cut_off
D:2:      layout_loops_ring, basic_altar, minmay_3d_cube, uniq_robin
D:3:      layout_basic
D:4:      layout_cave_pools, cheibrodos_sewer_entry_bend, dk_noncrumbling_4,
          minmay_checkerbox, uniq_menkaure
D:5:      layout_gridville, grunt_temple_overflow_holy_war,
          minmay_temple_entry_waves, gammafunk_ghost_grave

Skill      XL: |  1  2  3  4  5  6  7 |
---------------+----------------------+-----
Axes           | 2 3 4 5 6 7 |  7.2
Fighting       | 4 |  4.9
Dodging        | 1 |  1.5
Armour         | |  3.2
Shields        | |  3.2

Action                   |  1- 3 |  4- 6 |  7- 9 || total
-------------------------+-------+-------+-------++-------
Melee: War axe           |   104 |   229 |    69 ||   402
  Use: Scroll            |     1 |     6 |     2 ||     9
       Potion            |       |     1 |     1 ||     2
Armor: Scale mail        |    53 |    46 |       ||    99
       Chain mail        |       |    81 |    34 ||   115
Dodge: Dodged            |    52 |    91 |    23 ||   166
Block: Buckler           |    22 |    47 |    19 ||    88

Table legend:
 A = Non-vault XP
 B = Vault XP
 C = Vault XP percentage of total XP
 D = Non-vault monster count
 E = Vault monster count
 F = Vault count percentage of total count
                 A         B        C        D         E       F
            +---------+---------+-------+---------+---------+-------
      Total |     735 |     477 |  39.4 |      94 |      50 |  34.7
            +---------+---------+-------+---------+---------+-------
        D:1 |      64 |       3 |   4.5 |      35 |       2 |   5.4
        D:2 |      17 |      54 |  76.1 |      10 |      15 |  60.0
        D:3 |     144 |       5 |   3.4 |      27 |       1 |   3.6
        D:4 |     359 |     186 |  34.1 |      16 |       6 |  27.3
        D:5 |     151 |       0 |   0.0 |       6 |       0 |   0.0
      Sewer |       0 |     229 | 100.0 |       0 |      26 | 100.0
            +---------+---------+-------+---------+---------+-------
